 Dungeon Crawl Stone Soup version 0.28.0-45-g0d030f2227 (webtiles) character file.

Game seed: 422424124385241555

2828 Taxo1 the Spear-Bearer (level 9, 0/72 HPs)
             Began as a Merfolk Gladiator on Apr 15, 2022.
             Was a Follower of Makhleb.
             Succumbed to a killer bee's poison
             ... on level 8 of the Dungeon.
             The game lasted 00:31:45 (9185 turns).

Taxo1 the Spear-Bearer (Merfolk Gladiator)          Turns: 9185, Time: 00:31:46

Health: 0/72       AC: 13    Str: 18    XL:     9   Next: 73%
Magic:  9/9        EV: 14    Int:  7    God:    Makhleb [*.....]
Gold:   372        SH:  0    Dex: 21    Spells: 8/8 levels left

rFire   . . .      SeeInvis .   l - +6 spear "Tocile" {holy, Dex+5 Stlth+}
rCold   . . .      Faith    .   (no shield)
rNeg    . . .      Spirit   .   g - +0 chain mail
rPois   .          Reflect  .   c - +0 helmet
rElec   .          Harm     .   m - +2 cloak
rCorr   .          Rampage  .   (no gloves)
Will    .....                   w - +0 pair of boots
Stlth   ..........              (no amulet)
HPRegen 0.22/turn               f - +4 ring of evasion
MPRegen 0.11/turn               (no ring)

@: lethally poisoned (0 -> -31), about to teleport
A: (nimble swimmer 2), mertail
a: Renounce Religion


You were on level 8 of the Dungeon.
You worshipped Makhleb.
Makhleb was aware of your devotion.
You visited 1 branch of the dungeon, and saw 8 of its levels.

You collected 372 gold pieces.

Inventory:

Hand Weapons
 a - a +0 trident
 i - a +1 vampiric hand axe
 k - the +7 mace of the Eternal Warrior {vorpal, *Noise Fly Will- Dex+9}
   (You found it on level 4 of the Dungeon)

   It inflicts extra damage upon your enemies.
   Dex:       It affects your dexterity (+9).
   Fly:       It grants you flight.
   *Noise:    It may make noises in combat.
   Will:      It decreases your willpower.
 l - the +6 spear "Tocile" (weapon) {holy, Dex+5 Stlth+}
   (You found it on level 4 of the Dungeon)

   It has been blessed by the Shining One to cause great damage to the undead
   and demons.
   Dex:       It affects your dexterity (+5).
   Stlth:     It makes you more stealthy.
 o - a +0 shortbow
 s - the +7 mace "Noiwyugh" {elec, Dex+3}
   (You found it on level 6 of the Dungeon)

   It occasionally discharges a powerful burst of electricity upon striking a
   foe.
   Dex:       It affects your dexterity (+3).
 v - a +3 dagger of speed
 x - a +2 dagger of freezing
 z - a +0 war axe of flaming
 G - a +2 spectral club
Missiles
 d - 3 throwing nets (quivered)
 j - 210 stones
 r - 12 boomerangs
 L - 60 bolts
 T - 4 javelins
 V - 142 arrows
Armour
 b - a +0 leather armour
 c - a +0 helmet (worn)
 g - a +0 chain mail (worn)
 m - a +2 cloak (worn)
 n - a +0 ring mail
 q - a +0 robe
 t - a +0 ring mail
 w - a +0 pair of boots (worn)
 A - a +0 robe
 E - a +0 ring mail of willpower
 H - a +0 ring mail
 K - a +0 ring mail
 P - a +0 helmet
Jewellery
 f - a +4 ring of evasion (left hand)
Wands
 h - a wand of flame (10)
 F - a wand of polymorph (9)
 X - a wand of acid (7)
Scrolls
 J - 3 scrolls of identify
Potions
 B - a potion of degeneration
 C - a potion of berserk rage {unknown}
 M - 2 potions of curing {unknown}
 N - a potion of invisibility {unknown}
 R - a potion of lignification {unknown}
 W - a potion of magic {unknown}
 Y - a potion of brilliance {unknown}
 Z - a potion of might {unknown}


   Skills:
 + Level 7.5 Fighting
 + Level 14.8 Polearms
 + Level 2.0 Throwing
 - Level 1.3 Armour
 + Level 6.8 Dodging
 - Level 0.4 Stealth


You had 8 spell levels left.
You didn't know any spells.
Your spell library contained the following spells:

 Spells                   Type           Power      Damage    Failure   Level
 Slow                     Hex            0%         N/A       100%        1
 Summon Small Mammal      Summ           0%         N/A       100%        1
 Call Canine Familiar     Summ           0%         N/A       100%        3
 Confusing Touch          Hex            0%         N/A       100%        3
 Summon Guardian Golem    Hex/Summ       0%         N/A       100%        3
 Vampiric Draining        Necr           0%         2d6       100%        3


Dungeon Overview and Level Annotations

Branches:
Dungeon (8/15)             Temple (0/1) D:6
   Lair: D:8-11

Altars:
Dithmenos
Elyvilon
Makhleb
Okawaru
Ru
Sif Muna

Annotations:
D:6 Sigmund


Innate Abilities, Weirdness & Mutations

((You are very nimble when in or above water. (Stealth+, EV+, Speed+++)))
Your lower body shifts to a powerful aquatic tail in water.


Message History

The killer bee is lightly wounded.
You feel sick. The killer bee closely misses you.
The killer bee barely misses you.
You hit the killer bee.
The killer bee is heavily wounded.
You feel sick. The killer bee misses you. The killer bee closely misses you.
You barely miss the killer bee.
The killer bee is heavily wounded.
You feel sick. The killer bee stings you.
* * * LOW HITPOINT WARNING * * *
You are more poisoned.
The killer bee poisons you!
The killer bee stings you but does no damage.
You puncture the killer bee!
You kill the killer bee!
Makhleb accepts your kill.
* * * LOW HITPOINT WARNING * * *
You feel sick. The killer bee closely misses you.
You puncture the killer bee!
The killer bee is moderately wounded.
* * * LOW HITPOINT WARNING * * *
You feel sick. The killer bee stings you.
* * * LOW HITPOINT WARNING * * *
You are more poisoned.
The killer bee poisons you! The killer bee barely misses you.
As you read the scroll of teleportation, it crumbles to dust.
You feel strangely unstable.
* * * LOW HITPOINT WARNING * * *
You feel very sick. The killer bee stings you.
* * * LOW HITPOINT WARNING * * *
You are more poisoned.
The killer bee poisons you! The killer bee completely misses you.
The killer bee stings you.
* * * LOW HITPOINT WARNING * * *
You are more poisoned.
The killer bee poisons you! The killer bee barely misses you.
As you read the scroll of identify, it crumbles to dust.
B - a potion of degeneration You die...

###.#######.###### #.#
#.........# ##### #.#
##.##.####.# ###########...# #.#
#..##.####.#
#.........#...####.###......g..<.
########..#.............##.######
#.....###.####.###.....#
#.##.####.#.##.#####...#
#...........@y.........######
#.#######.#y########.#....... #.#
#.#.# #.#.###### #.#######.#.#
#.#.....#. #.......#.#.#
#.#.###### #######.#.#.# #...# #
#.#.#.# ##### # #...#.# # #.###.#
#


You could see 2 killer bees.

Vanquished Creatures
  Grum (D:8)
  2 water moccasins
  2 ice beasts
  A sky beast (D:7)
  3 ogres
  3 wolves (D:8)
  3 centaurs
  2 necrophages (D:4)
  A phantom (D:5)
  2 bullfrogs
  7 killer bees (D:8)
  5 wights (D:7)
  A howler monkey (D:6)
  3 bullfrog zombies
  A jelly (D:7)
  A hound (D:5)
  An orc priest (D:4)
  A bullfrog skeleton (D:4)
  2 iguanas
  A scorpion zombie (D:5)
  Ijyb (D:3)
  Natasha (twice) (D:3)
  An orc wizard (D:7)
  3 adders
  3 shadow imps
  3 white imps
  2 worms (D:3)
  2 dart slugs
  6 orcs
  7 ball pythons
  6 endoplasms
  5 giant cockroaches
  9 goblins
  6 hobgoblins
  4 jackals (D:5)
  4 kobolds
  2 quokkas (D:2)
  4 bats
  5 frilled lizards
  7 rats
125 creatures vanquished.

Vanquished Creatures (others)
  6 plants (D:2)
6 creatures vanquished.

Grand Total: 131 creatures vanquished

Notes
Turn   | Place    | Note
-------+----------+-------------------------------------------
     0 | D:1      | Taxo1 the Merfolk Gladiator began the quest for the Orb.
     0 | D:1      | Reached XP level 1. HP: 16/16 MP: 1/1
   570 | D:1      | Reached XP level 2. HP: 13/22 MP: 2/2
  1187 | D:1      | Reached skill level 5 in Polearms
  1188 | D:1      | Reached XP level 3. HP: 26/28 MP: 3/3
  2502 | D:2      | Reached skill level 5 in Dodging
  2502 | D:2      | Reached XP level 4. HP: 34/34 MP: 4/4
  2537 | D:2      | Reached skill level 1 in Armour
  3432 | D:3      | Noticed Ijyb
  3446 | D:3      | Killed Ijyb
  3994 | D:3      | Found a white marble altar of Elyvilon.
  4348 | D:3      | Reached XP level 5. HP: 38/39 MP: 5/5
  4401 | D:3      | Reached skill level 6 in Polearms
  4566 | D:3      | Noticed Natasha
  4589 | D:3      | Killed Natasha
  4839 | D:4      | Found a sand-covered staircase.
  4933 | D:4      | Found a burning altar of Makhleb.
  4938 | D:4      | Became a worshipper of Makhleb the Destroyer
  5032 | D:4      | Noticed a necrophage
  5074 | D:5      | Entered Level 5 of the Dungeon
  5449 | D:4      | Noticed a necrophage
  5473 | D:3      | Noticed Natasha
  5482 | D:3      | Killed Natasha
  5880 | D:4      | Reached skill level 7 in Polearms
  5880 | D:4      | Reached XP level 6. HP: 34/47 MP: 6/6
  6257 | D:4      | Found an iron altar of Okawaru.
  6261 | D:4      | Identified the +7 mace of the Eternal Warrior {vorpal,
                  | *Noise Fly Will- Dex+9}
  6266 | D:4      | Identified the +6 spear "Tocile" {holy, Dex+5 Stlth+}
  6348 | D:4      | Killed a necrophage
  6349 | D:4      | Reached skill level 8 in Polearms
  6519 | D:4      | Killed a necrophage
  6520 | D:4      | Reached XP level 7. HP: 38/53 MP: 7/7
  6910 | D:5      | Reached skill level 9 in Polearms
  7212 | D:5      | Reached skill level 10 in Polearms
  7218 | D:5      | Reached XP level 8. HP: 56/61 MP: 8/8
  7461 | D:5      | Reached skill level 11 in Polearms
  7742 | D:6      | Found a shadowy altar of Dithmenos.
  7781 | D:6      | Reached skill level 5 in Fighting
  7782 | D:6      | Identified the +7 mace "Noiwyugh" {elec, Dex+3}
  7841 | D:6      | Found a staircase to the Ecumenical Temple.
  7849 | D:6      | Reached skill level 12 in Polearms
  7861 | D:6      | Noticed Sigmund
  7993 | D:7      | Reached * piety under Makhleb
  8033 | D:7      | Found a sacrificial altar of Ru.
  8152 | D:7      | Reached skill level 13 in Polearms
  8158 | D:7      | Reached XP level 9. HP: 62/69 MP: 9/9
  8424 | D:7      | Found a shimmering blue altar of Sif Muna.
  8933 | D:8      | Reached skill level 14 in Polearms
  8957 | D:8      | Noticed Grum
  8989 | D:8      | HP: 2/72 [Grum/-2 spear (3)]
  8992 | D:8      | Killed Grum
  9185 | D:8      | Succumbed to a killer bee's poison

Illustrated notes

Levels and vault maps discovered:
D:1:      psy_arrival_fountain, layout_basic, minmay_misc_feat_tiny,
          minmay_tree_intersection, st_stairs_3
D:2:      layout_loops_ring, serial_forest, infiniplex_forest_zigzag_1,
          infiniplex_forest_lined_room_2, infiniplex_forest_end_2,
          infiniplex_forest_clump_curved, infiniplex_forest_fountain,
          infiniplex_forest_straight_5, infiniplex_forest_straight_5,
          infiniplex_forest_straight_2
D:3:      layout_basic, mainiacjoe_overflow_small_starburst,
          minmay_misc_feat_diagonals, uniq_ijyb, uniq_natasha
D:4:      layout_rooms, okawaru_ov_weapons_minmay, kennysheep_little_box,
          nicolae_ossuary_entry_monument, hangedman_abyss_or_decor_stagger,
          chequers_jeans
D:5:      layout_gridville, serial_rivers, chequers_serial_rivers_small_a,
          chequers_serial_rivers_large_b, chequers_serial_rivers_micro_d,
          chequers_serial_rivers_micro_d, chequers_serial_rivers_room_b
D:6:      layout_cave_pools, nicolae_overflow_hidden_temple,
          minmay_temple_entry_trees, uniq_sigmund
D:7:      wander_river, layout_rooms, nicolae_ru_great_annihilating_truth,
          lemuel_tele_altar
D:8:      layout_basic, uniq_grum, uniq_maurice

Skill      XL: |  1  2  3  4  5  6  7  8  9 |
---------------+----------------------------+-----
Polearms       | 5 7 8 10 13 14 | 14.8
Dodging        | 5 6 |  6.8
Armour         | 1 |  1.3
Fighting       | 3 4 5 7 |  7.5
Throwing       | |  2.0
Stealth        | |  0.4

Action                   |  1- 3 |  4- 6 |  7- 9 || total
-------------------------+-------+-------+-------++-------
Melee: Trident           |   158 |   162 |       ||   320
       Punch             |     1 |     3 |     3 ||     7
       Spear             |       |       |   253 ||   253
       Tailslap          |       |       |     1 ||     1
  Use: Potion            |       |     1 |     2 ||     3
       Scroll            |       |       |    11 ||    11
 Stab: Paralysed         |       |       |     1 ||     1
Armor: Leather armour    |    14 |       |       ||    14
       Ring mail         |    26 |    30 |       ||    56
       Chain mail        |       |    25 |    54 ||    79
Dodge: Dodged            |   113 |    81 |    99 ||   293
